Map: Traitor's Exile

Players

radfort

  • Race: Protoss Protoss
  • League: Platinum
  • Spawn Location: 6:00

xan

  • Race: Zerg Zerg
  • League: Platinum
  • Spawn Location: 5:00

MonstroTown - Winner!

  • Race: Terran Terran
  • Spawn Location: 9:00

Michael - Winner!

  • Race: Zerg Zerg
  • League: Gold
  • Spawn Location: 12:00

VOD

Have the link to the VOD?

Description

Time

  • Played on: Oct. 7, 2018, 12:49 a.m.
  • Length: 13:40
Show
View Real Time Build Order
Export as new Build Order

radfort Protoss 

Build Orders:  

Get SALT Encoding   

  12  0:01  Probe  
  13  0:13  Probe  
  14  0:25  Pylon  
  14  0:28  Probe  
  15  0:43  Probe  
  15  0:47  Gateway  
  16  0:54  Forge  
  16  0:56  Probe  
  17  1:03  Assimilator  
  17  1:10  Assimilator  
  17  1:16  Probe, Pylon  
  17  1:24  Probe  
  19  1:32  Probe  
  20  1:40  Cybernetics Core  
  20  1:45  Probe  
  20  1:47  Zealot  
  23  1:58  Probe  
  24  2:06  Gateway  
  24  2:10  Warp Gate, Probe  
  25  2:24  Robotics Facility  
  25  2:30  Stalker  
  23  3:13  Probe  
  24  3:25  Probe  
  25  3:37  Probe  
  25  3:41  Stalker  
  26  4:05  Immortal  
  26  4:09  Probe  
  31  4:19  Gateway  
  31  4:46  Nexus  
  31  4:50  Pylon  
  31  4:58  Pylon  
  31  5:14  Zealot  
  31  5:15  Zealot  
  35  5:35  Gateway x2  
  35  5:42  Immortal  
  37  6:02  Stalker x2  
  37  6:03  Zealot  
  43  6:05  Probe  
  43  6:08  Protoss Ground Weapons Level 1  
  44  6:13  Probe  
  44  6:15  Immortal  
  45  6:23  Probe  
  49  6:26  Assimilator  
  49  6:28  Shield Battery  
  50  6:35  Twilight Council, Probe  
  51  6:43  Probe  
  51  6:51  Probe  
  51  6:53  Zealot x2  
  57  7:02  Probe  
  58  7:14  Probe  
  59  7:20  Stalker  
  61  7:24  Pylon  
  61  7:26  Pylon  
  61  7:46  Charge  
  61  7:47  Immortal  
  61  7:49  Zealot x3  
  61  7:50  Stalker  
  73  8:23  Templar Archives  
  73  8:25  Gateway  
  73  8:26  Immortal  
  73  8:27  Gateway  
  77  8:36  Probe  
  77  8:40  Robotics Bay  
  78  8:45  Assimilator  
  78  8:53  Protoss Ground Armor Level 1  
  78  9:20  Psionic Storm  
  78  9:31  Pylon  
  78  9:34  Pylon  
  78  9:36  Pylon  
  78  9:37  Pylon x2  
  78  9:48  Colossus  
  78  9:49  Probe  
  85  10:00  High Templar x2  
  85  10:01  Probe  
  85  10:02  Zealot x3  
  96  10:14  Probe  
  97  10:26  Probe  
  98  10:30  Colossus  
  104  10:43  High Templar x2  
  104  10:44  Protoss Ground Weapons Level 2  
  104  10:46  Zealot  
  104  10:47  Zealot x2  
  104  10:48  Zealot  
  116  11:02  Zealot  
  118  11:12  Nexus  
  118  11:27  Extended Thermal Lance  
  118  11:40  Archon  
  118  11:44  Pylon  
  118  11:47  Pylon  
  118  11:55  Observer  
  117  12:07  Assimilator  
  117  12:11  Assimilator  
  117  12:12  Pylon  
  107  12:24  Zealot x2  
  107  12:25  Zealot x4  
  107  12:26  Zealot  
  103  12:51  Archon  
  55  13:11  Robotics Facility, Zealot  
  55  13:12  Zealot x4  
Show
View Real Time Build Order
Export as new Build Order

xan Zerg 

Build Orders: Hatch First 

Get SALT Encoding   

  12  0:00  Drone  
  13  0:12  Overlord  
  13  0:19  Drone  
  14  0:31  Drone x2  
  14  0:34  Drone  
  17  0:57  Hatchery  
  17  0:59  Drone  
  17  1:02  Drone  
  18  1:05  Extractor  
  18  1:07  Drone  
  18  1:17  Drone  
  19  1:28  Spawning Pool  
  19  1:30  Drone  
  19  1:39  Drone  
  20  1:49  Drone  
  21  2:00  Overlord  
  21  2:13  Drone  
  21  2:14  Drone  
  23  2:18  Metabolic Boost  
  23  2:21  Overlord  
  23  2:35  Zergling x2  
  23  2:36  Zergling x4  
  26  2:48  Zergling x4  
  28  3:07  Zergling x8  
  31  3:17  Zergling x4  
  32  3:22  Queen  
  32  3:24  Overlord  
  34  3:42  Queen  
  34  3:47  Zergling x2  
  34  3:48  Zergling x8  
  41  3:58  Queen  
  42  4:08  Drone  
  42  4:09  Overlord  
  43  4:10  Overlord x2  
  43  4:17  Baneling Nest  
  43  4:21  Overlord x2  
  42  4:27  Queen  
  44  4:32  Drone x2  
  41  4:50  Zergling x2  
  41  4:51  Zergling x8  
  40  5:26  Zergling x12  
  41  5:41  Zergling x4  
  41  6:00  Lair  
  41  6:05  Drone x4  
  41  6:06  Hatchery  
  41  6:09  Hatchery  
  43  6:11  Spine Crawler  
  43  6:14  Spine Crawler  
  41  6:20  Queen  
  43  6:42  Overlord x2  
  43  6:43  Overlord x2  
  43  6:55  Drone x2  
  43  6:56  Drone x4  
  43  7:12  Zergling x2  
  43  7:13  Zergling x12  
  42  7:19  Zergling x2  
  42  7:20  Zergling x2  
  37  7:39  Queen, Baneling Nest  
  37  7:44  Drone  
  39  8:03  Overseer  
  39  8:14  Drone x4  
  39  8:15  Roach Warren, Drone x4  
  46  8:42  Drone x5  
  46  8:45  Spine Crawler  
  46  8:48  Queen, Spine Crawler  
  49  8:50  Spine Crawler  
  50  9:20  Pneumatized Carapace  
  50  9:28  Drone x3  
  53  9:43  Extractor, Overlord  
  53  9:45  Extractor x2, Drone x4  
  51  9:46  Drone x19  
  72  10:06  Zergling x4  
  72  10:07  Roach x6  
  76  10:40  Queen  
  78  10:43  Drone x8  
  78  10:49  Spore Crawler  
  85  11:00  Roach x3  
  85  11:01  Roach x9  
  85  11:02  Zergling x4  
  85  11:03  Overlord  
  85  11:04  Overlord x3  
  111  11:14  Extractor x2  
  111  11:18  Spine Crawler  
  108  11:19  Spine Crawler  
  108  11:21  Spine Crawler  
  104  12:05  Roach  
  104  12:06  Roach x6  
  104  12:07  Overlord  
  104  12:08  Overlord x9  
  110  12:29  Roach  
  114  12:30  Roach x2  
  104  12:49  Zergling x20  
  92  12:55  Zergling x2  
  92  12:56  Zergling x2  
  78  13:14  Spine Crawler x2  
  78  13:15  Baneling, Spine Crawler  
  78  13:17  Spine Crawler  
Show
View Real Time Build Order
Export as new Build Order

MonstroTown Terran - Winner!

Build Orders:  

Get SALT Encoding   

  12  0:01  SCV  
  13  0:13  SCV  
  14  0:18  Supply Depot  
  14  0:25  SCV  
  15  0:40  SCV  
  15  0:42  Barracks  
  16  0:47  Refinery  
  16  0:52  SCV  
  17  1:03  Barracks  
  17  1:10  SCV  
  18  1:19  Refinery  
  18  1:22  SCV  
  19  1:35  Reaper  
  19  1:36  Orbital Command  
  20  1:50  Reaper  
  22  2:01  SCV  
  22  2:05  Supply Depot  
  22  2:09  Reaper  
  23  2:20  Factory  
  23  2:27  Reaper  
  24  2:38  SCV  
  25  2:50  SCV, Marine  
  27  2:59  Marine  
  27  3:02  SCV  
  28  3:14  SCV  
  28  3:16  Hellion  
  31  3:24  Command Center  
  31  3:30  Starport  
  31  3:38  SCV  
  31  4:00  Marine  
  31  4:04  Supply Depot  
  31  4:05  Supply Depot  
  31  4:25  Barracks Tech Lab  
  31  4:26  Hellion, SCV, Medivac, Marine  
  37  4:51  Factory Tech Lab  
  37  4:53  Stimpack  
  37  4:59  Engineering Bay x2  
  37  5:18  Siege Tank  
  37  5:19  Medivac  
  37  5:20  Marauder, Marine  
  44  5:38  Marine  
  44  5:41  Marine  
  46  5:44  Terran Infantry Armor Level 1, Terran Infantry Weapons Level 1  
  46  5:50  Barracks  
  46  5:51  Medivac  
  46  5:52  Barracks  
  46  5:56  Orbital Command, Marine  
  49  6:07  Marauder  
  49  6:08  Siege Tank  
  54  6:19  SCV  
  54  6:24  Supply Depot  
  55  6:31  SCV  
  40  7:37  Marine x3  
  40  7:38  Marine  
  44  7:45  Medivac  
  44  7:46  Siege Tank  
  44  7:50  SCV  
  44  7:51  SCV  
  51  7:55  Marine x3  
  51  7:56  Marauder  
  55  8:13  Marine x2  
  55  8:17  Marauder  
  59  8:25  Siege Tank  
  59  8:26  Medivac  
  64  8:28  Barracks Reactor  
  64  8:29  SCV x2  
  64  8:31  Marine x2  
  68  8:38  Marine  
  69  8:41  SCV  
  69  8:47  Barracks x2  
  70  8:48  Barracks  
  70  8:49  Barracks  
  70  8:50  Barracks  
  70  8:54  Supply Depot  
  70  8:57  Missile Turret, Supply Depot  
  70  8:58  Supply Depot  
  70  9:01  Armory  
  70  9:06  SCV  
  70  9:09  SCV, Marine  
  70  9:16  Marine  
  71  9:18  Marine x2  
  73  9:37  SCV  
  73  9:38  SCV  
  75  9:52  Command Center  
  75  9:59  Command Center  
  75  10:22  Marine  
  75  10:23  Marine x3  
  75  10:24  Siege Tank, Marauder, Medivac  
  79  10:37  Barracks Reactor x2  
  79  10:38  Marine  
  79  10:39  Marine x2  
  79  10:40  Marine x2  
  79  10:41  Marine x2  
  86  10:45  Marauder  
  88  10:54  Medivac  
  88  10:56  Marine  
  91  11:03  Fusion Core  
  91  11:06  Marauder  
  91  11:08  Refinery  
  91  11:09  Refinery  
  91  11:10  Orbital Command  
  93  11:13  Orbital Command  
  93  11:20  SCV x2  
  93  11:21  Sensor Tower  
  95  11:28  Marauder  
  95  11:31  Marine x3  
  95  11:32  SCV x2, Marine x6  
  107  11:33  Marine x2  
  107  11:35  SCV  
  111  11:42  Supply Depot  
  111  11:43  Supply Depot  
  111  11:44  SCV x2  
  111  11:45  Supply Depot  
  113  11:47  Starport Tech Lab  
  113  11:49  Siege Tank, Marine x5  
  119  12:13  Refinery x2  
  119  12:15  SCV, Refinery  
  119  12:16  SCV x2  
  119  12:18  Starport  
  102  12:55  Marine x4  
  102  12:56  Marine x7  
  102  12:57  Marine  
  80  13:13  Marine x2  
  84  13:22  Starport Reactor  
Show
View Real Time Build Order
Export as new Build Order

Michael Zerg - Winner!

Build Orders: Pool First 

Get SALT Encoding   

  12  0:01  Drone  
  13  0:13  Overlord  
  13  0:18  Drone  
  14  0:31  Drone x2  
  14  0:34  Drone  
  17  0:41  Extractor  
  16  0:45  Drone  
  17  0:54  Spawning Pool  
  17  0:56  Drone  
  17  1:07  Drone  
  18  1:25  Hatchery  
  18  1:29  Drone  
  18  1:41  Queen  
  20  1:47  Metabolic Boost  
  20  1:52  Zergling x2  
  21  1:56  Zergling x2  
  22  2:03  Overlord  
  22  2:21  Queen  
  24  2:30  Drone x3  
  27  2:40  Roach Warren  
  26  2:45  Drone  
  27  2:53  Queen  
  27  2:56  Drone  
  30  3:03  Spine Crawler  
  29  3:15  Drone  
  29  3:16  Drone  
  31  3:29  Drone  
  31  3:30  Drone x4  
  35  3:58  Overlord x3, Queen, Spine Crawler  
  36  4:04  Spine Crawler  
  36  4:08  Drone  
  36  4:09  Drone, Spine Crawler  
  36  4:22  Lair  
  36  4:24  Roach x2  
  40  4:27  Roach  
  40  4:31  Roach  
  44  4:48  Burrow  
  44  4:51  Drone x4  
  48  4:53  Drone  
  48  5:22  Roach  
  48  5:23  Roach x5  
  48  5:25  Overlord x3  
  60  5:41  Overlord x3  
  60  5:45  Roach x3  
  60  5:47  Roach  
  68  5:54  Drone  
  63  5:59  Queen  
  63  6:07  Glial Reconstitution  
  63  6:15  Extractor  
  63  6:16  Evolution Chamber  
  63  6:17  Drone x4  
  65  6:20  Extractor x2  
  65  6:23  Hatchery  
  58  6:49  Drone x3, Hydralisk Den  
  58  6:51  Drone x3  
  58  6:52  Drone x3  
  66  6:54  Drone  
  66  6:55  Drone x3  
  66  6:57  Drone  
  71  7:23  Muscular Augments  
  71  7:26  Zerg Ground Armor Level 1  
  71  7:29  Hydralisk  
  71  7:30  Hydralisk  
  71  7:32  Evolution Chamber  
  74  7:37  Queen  
  74  7:38  Drone x8  
  84  7:56  Hydralisk x2  
  84  7:57  Hydralisk x3  
  94  8:00  Hydralisk  
  96  8:09  Drone x2  
  96  8:29  Hydralisk x4  
  96  8:30  Hydralisk  
  106  8:34  Grooved Spines  
  106  8:39  Queen  
  108  8:42  Spine Crawler  
  108  8:45  Spore Crawler x2  
  108  8:46  Spine Crawler  
  108  8:47  Spine Crawler  
  108  8:48  Drone x8  
  109  8:49  Spore Crawler  
  109  8:51  Extractor  
  109  8:52  Extractor  
  108  8:59  Hydralisk x3  
  108  9:01  Overlord x2  
  114  9:03  Overlord  
  114  9:07  Zerg Missile Weapons Level 1  
  114  9:32  Hydralisk x8  
  114  9:34  Overlord x2  
  130  9:51  Zerg Ground Armor Level 2  
  130  9:53  Hatchery  
  127  10:20  Hydralisk x6  
  137  10:22  Zergling x2  
  137  10:23  Zergling x22  
  149  10:32  Infestation Pit  
  148  10:36  Roach  
  148  10:37  Roach x2  
  154  11:03  Overlord x2  
  154  11:04  Overlord x2  
  154  11:12  Drone  
  154  11:13  Drone x5  
  160  11:22  Hydralisk x9  
  160  11:23  Hydralisk  
  180  11:30  Drone  
  180  11:31  Drone x2  
  180  11:32  Drone  
  184  11:35  Drone  
  184  11:39  Swarm Host  
  185  11:45  Zergling x2  
  185  11:46  Overlord x4  
  188  12:07  Hive  
  188  12:12  Spire  
  188  12:15  Spore Crawler  
  175  12:30  Zergling x12  
  150  12:57  Hydralisk  
  150  12:58  Hydralisk x7  
  154  13:12  Hydralisk  
  154  13:13  Hydralisk x3  
Tags
 
Add a new tag
Caveats
  • Supply blocks, unpowered buildings, or Contaminate may cause inaccurate times.
  • Supply counts are checked every 10 seconds.